 Dungeon Crawl Stone Soup version 0.27-a0-869-g165b36e3f0 (webtiles) character file.

Game seed: 10118998413990821396

174 porpoise the Conjurer (level 5, -7/29 HPs)
             Began as a Deep Elf Conjurer on Apr 2, 2021.
             Mangled by Crazy Yiuf
             ... wielding a +3 quarterstaff of chaos
              (9 damage)
             ... on level 2 of the Dungeon on Apr 3, 2021.
             The game lasted 00:06:24 (2334 turns).

porpoise the Conjurer (Deep Elf Conjurer)           Turns: 2334, Time: 00:06:25

Health: -7/29      AC:  4    Str:  4    XL:     5   Next: 28%
Magic:  9/14       EV: 12    Int: 24    God:
Gold:   29         SH:  0    Dex: 13    Spells: 3/14 levels left

rFire    . . .     SeeInvis .   b - +0 hunting sling
rCold    . . .     Faith    .   (no shield)
rNeg     . . .     Spirit   .   o - +0 robe
rPois    .         Reflect  .   h - +1 helmet
rElec    .         Harm     .   (no cloak)
rCorr    .         Rampage  .   (no gloves)
Will     .....                  (no boots)
Stlth    ++........             (no amulet)
HPRegen  0.09/turn              (no ring)
MPRegen  0.14/turn              (no ring)

@: no status effects
A: no striking features
a: no special abilities


You were on level 2 of the Dungeon.
You visited 1 branch of the dungeon, and saw 2 of its levels.

You collected 57 gold pieces.
You spent 28 gold pieces at shops.

Inventory:

Hand Weapons
 a - a +2 vampiric dagger
 b - a +0 hunting sling (weapon)
Missiles
 e - 19 stones
 l - 22 sling bullets (quivered ammo)
Armour
 h - a +1 helmet (worn)
 o - a +0 robe (worn)
Wands
 j - a wand of random effects (19)
Scrolls
 d - a scroll of amnesia {unknown}
 g - a scroll of blinking {unknown}
 i - a scroll of fog {unknown}
Potions
 c - a potion of magic
 f - a potion of heal wounds
 k - a potion of flight
 m - a potion of haste {unknown}
 n - a potion of invisibility {unknown}


   Skills:
 + Level 1.0 Fighting
 - Level 2.4 Dodging
 - Level 2.4 Stealth
 - Level 5.0 Spellcasting
 + Level 6.1 Conjurations


You had 3 spell levels left.
You knew the following spells:

 Your Spells              Type           Power      Damage    Failure   Level
a - Magic Dart            Conj           100%       1d8       1%          1
b - Searing Ray           Conj           70%        3d5       1%          2
c - Fulminant Prism       Conj/Hex       10%        3d9       24%         4
d - Iskenderun's Mystic   Conj/Tloc      20%        2d6       24%         4

Your spell library contained the following spells:

 Spells                   Type           Power      Damage    Failure   Level
 Dazzling Flash           Conj/Hex       40%        N/A       8%          3


Dungeon Overview and Level Annotations

Branches:
Dungeon (2/15)

Altars:

Shops:
D:1 :   D:2 ??*

Annotations:
D:2 Crazy Yiuf


Message History

Aiming: Searing Ray (safe; 1% risk of failure)
Press: ? - help, Shift-Dir - straight line, f/p - adder
Aim: an adder (32% to evade)
The searing ray hits the adder!
The adder is almost dead. (Press . to maintain the ray.)
The searing ray misses the adder.
The searing ray hits the adder!
You kill the adder!
Your Fighting skill increases to level 1!
You see here an adder corpse.
You now have enough gold to buy a scroll of identify on this level.
You can access your shopping list by pressing '$'.
You now have 29 gold pieces (gained 17).
e - 19 stones (gained 1)
Found a stone staircase leading up.
There is a stone staircase leading up here.
Found a mace.
Found a runed translucent door.
Crazy Yiuf shouts!
Crazy Yiuf yells, "Hah Orb Guardian blue!"
You open the door.
Casting: Searing Ray (safe; 1% risk of failure)
Confirm with . or Enter, or press ? or * to list all spells.
Aiming: Searing Ray (safe; 1% risk of failure)
Press: ? - help, Shift-Dir - straight line, f - Crazy Yiuf
Aim: Crazy Yiuf, wielding a +3 quarterstaff of chaos and wearing a +0 cloak of willpower (17% to evade)
The searing ray hits Crazy Yiuf.
Crazy Yiuf is moderately wounded. (Press . to maintain the ray.) Crazy Yiuf hits you with a +3 quarterstaff of chaos.
You feel your power leaking away.
The searing ray hits Crazy Yiuf!
Crazy Yiuf is severely wounded.
Crazy Yiuf hits you with a +3 quarterstaff of chaos!
Ouch! That really hurt!
Crazy Yiuf burns you!
* * * LOW HITPOINT WARNING * * *
The searing ray misses Crazy Yiuf.
Crazy Yiuf hits you with a +3 quarterstaff of chaos!
You die...

......# #.##.##.# ####..#
###.##.##.. ###'###
#...##.###. ##.'∩+.# ######.#
## ...#'#.# #.###≈ ####...#
#.##≈≈ # ##..##### ### ###≈≈.
#####>.....## ###..)# ##≈≈..
............####@g...#
##≈≈...
#.###........#..##...#
####≈≈.... ..###.......#.###
### #.##≈.....
........####### #..#≈.....
..####..# #..'......
........#############
###.'......
..#####.............#
#.###≈..... ..#
##.###†)....#### #.# #≈.....
..#
##>..##......######.###≈≈....


You could see Crazy Yiuf.

Vanquished Creatures
  A black bear (D:2)
  Terence (D:2)
  An adder (D:2)
  2 dart slugs
  A ball python (D:2)
  6 bats
  2 endoplasms
  A giant cockroach (D:1)
  5 goblins
  4 hobgoblins (D:1)
  7 jackals
  3 kobolds
  2 quokkas
  3 frilled lizards
  A rat (D:1)
40 creatures vanquished.

Vanquished Creatures (others)
  2 plants (D:2)
2 creatures vanquished.

Grand Total: 42 creatures vanquished

Notes
Turn   | Place    | Note
-------+----------+-------------------------------------------
     0 | D:1      | porpoise the Deep Elf Conjurer began the quest for the Orb.
     0 | D:1      | Reached XP level 1. HP: 10/10 MP: 6/6
   108 | D:1      | Found Worghoqys's Book Boutique.
   273 | D:1      | Reached XP level 2. HP: 15/15 MP: 4/8
   311 | D:1      | Learned a level 2 spell: Searing Ray
  1348 | D:2      | Noticed a black bear
  1353 | D:2      | Killed a black bear
  1354 | D:2      | Reached skill level 5 in Spellcasting
  1354 | D:2      | Reached skill level 5 in Conjurations
  1354 | D:2      | Reached XP level 3. HP: 16/19 MP: 2/11
  1354 | D:2      | Reached XP level 4. HP: 21/24 MP: 2/13
  1455 | D:2      | Noticed Terence
  1467 | D:2      | Killed Terence
  1468 | D:2      | Reached skill level 6 in Conjurations
  1468 | D:2      | Reached XP level 5. HP: 25/28 MP: 10/14
  1524 | D:2      | Learned a level 4 spell: Fulminant Prism
  1529 | D:2      | Learned a level 4 spell: Iskenderun's Mystic Blast
  1574 | D:2      | Found Naatt's Magic Scroll Boutique.
  1843 | D:2      | Found a faded altar of an unknown god.
  2151 | D:2      | Found Fihauh's Magic Scroll Shop.
  2157 | D:2      | Found Wocox's Assorted Antiques.
  2159 | D:2      | Bought a scroll of identify for 28 gold pieces
  2211 | D:2      | Reached skill level 1 in Fighting
  2327 | D:2      | Found a runed translucent door.
  2328 | D:2      | Noticed Crazy Yiuf
  2334 | D:2      | Mangled by Crazy Yiuf

Illustrated notes

Levels and vault maps discovered:
D:1:      dpeg_arrival_oval, layout_basic, serial_shops, shop,
          minmay_misc_feat_tower
D:2:      layout_loops_ring, serial_shops, nicolae_shop_behind_doors,
          shop_statue, shop, ebering_ecumenical_altar_sacrificial,
          chequers_serial_rivers_micro_a, kennysheep_cross_room,
          serial_bayou_pond_a, ebering_dispersal_statue_hall,
          uniq_crazy_yiuf_cottage, uniq_terence

Skill      XL: |  1  2  3  4  5 |
---------------+----------------+-----
Spellcasting   | 5 |  5.0
Conjurations   | 5 6 |  6.1
Fighting       | 1 |  1.0
Dodging        | |  2.4
Stealth        | |  2.4

Action                   |  1- 3 |  4- 6 || total
-------------------------+-------+-------++-------
Melee: Dagger            |       |     1 ||     1
 Fire: Hunting sling     |       |     6 ||     6
 Cast: Magic Dart        |    27 |    18 ||    45
       Searing Ray       |     4 |     3 ||     7
  Use: Scroll            |       |     3 ||     3
 Stab: Sleeping          |       |     1 ||     1
Armor: Robe              |       |     1 ||     1
Dodge: Dodged            |     1 |     1 ||     2

Table legend: (Time is in decaauts)
 A = Elapsed time spent in this place.
 B = Non-inter-level travel time spent in this place.
 C = Inter-level travel time spent in this place.
 D = Time resting spent in this place.
 E = Time spent auto-exploring this place.
 F = Levels seen in this place.
 G = Mean time per level.
                   A        B        C        D        E       F      G
               +--------+--------+--------+--------+--------+-----+--------+
         Total |   2331 |   2298 |     33 |    532 |   1562 |   2 | 1165.5 |
       Dungeon |   2331 |   2298 |     33 |    532 |   1562 |   2 | 1165.5 |
               +--------+--------+--------+--------+--------+-----+--------+

Top non-repeatable levels by time:
     D:1: 1325 daAuts
     D:2: 1006 daAuts
